 Dungeon Crawl Stone Soup version 0.25-a0-458-g6fc7858b95 (webtiles) character file.

Game seed: 12834077095700137327, levelgen mode: deterministic

61 ReteAZ the Chiller (level 4, -3/30 HPs)
             Began as a Merfolk Ice Elementalist on Feb 2, 2020.
             Slain by a gnoll
             ... wielding a +0 spear of freezing
              (4 damage)
             ... on level 2 of the Dungeon.
             The game lasted 00:02:56 (1343 turns).

ReteAZ the Chiller (Merfolk Ice Elementalist)       Turns: 1343, Time: 00:02:57

Health: -3/30      AC:  4    Str:  8    XL:     4   Next: 7%
Magic:  6/8        EV: 13    Int: 15    God:
Gold:   28         SH:  0    Dex: 14    Spells: 7/8 levels left

rFire    . . .     SeeInvis .   d - +1 dagger (speed)
rCold    . . .     Gourm    .   (no shield)
rNeg     . . .     Faith    .   a - +0 robe
rPois    .         Spirit   .   b - +2 hat
rElec    .         Reflect  .   (no cloak)
rCorr    .         Harm     .   (no gloves)
MR       .....                  (no boots)
Stlth    ++........             (no amulet)
HPRegen  0.10/turn              (no ring)
MPRegen  0.11/turn              (no ring)

@: very slightly contaminated
A: change form in water, swift swim, stealthy swim
a: no special abilities


You were on level 2 of the Dungeon.
You were not hungry.

You visited 1 branch of the dungeon, and saw 2 of its levels.

You collected 28 gold pieces.

Inventory:

Hand Weapons
 d - a +1 dagger of speed (weapon)
Armour
 a - a +0 robe (worn)
 b - a +2 hat (worn)
Jewellery
 f - a +5 ring of evasion {unknown}
Scrolls
 e - 2 scrolls of teleportation {unknown}
 h - 2 scrolls of identify {unknown}
Potions
 g - a potion of invisibility {unknown}
 i - a potion of ambrosia {unknown}
Comestibles
 c - 3 rations


   Skills:
 - Level 3.0 Dodging
 - Level 2.1 Stealth
 + Level 2.6 Spellcasting
 * Level 5.5 Ice Magic


You had 7 spell levels left.
You knew the following spells:

 Your Spells              Type           Power        Failure   Level  Hunger
a - Freeze                Ice            ###.         2%          1    #......

Your spell library contained the following spells:

 Spells                   Type           Power        Failure   Level  Hunger
 Ozocubu's Armour         Chrm/Ice       ##......     21%         3    ###....
 Hailstorm                Conj/Ice       ##......     54%         4    #####..
 Summon Ice Beast         Ice/Summ       ##......     54%         4    #####..


Dungeon Overview and Level Annotations

Branches:
Dungeon (2/15)

Altars:


Message History

Casting: Freeze (safe; 2% risk of failure)
Confirm with . or Enter, or press ? or * to list all spells.
Aiming: Freeze (safe; 2% risk of failure)
Press: ? - help, Shift-Dir - straight line, f - gnoll
Aim: a gnoll, wielding a +0 spear of freezing You miscast Freeze.
You are very lightly contaminated with residual magic.
You feel a strange surge of energy! The gnoll hits you but does no damage.
Casting: Freeze (safe; 2% risk of failure)
Confirm with . or Enter, or press ? or * to list all spells.
Aiming: Freeze (safe; 2% risk of failure)
Press: ? - help, Shift-Dir - straight line, f/p - gnoll
Aim: a gnoll, wielding a +0 spear of freezing You freeze the gnoll.
The gnoll is heavily wounded.
The gnoll hits you from afar with a +0 halberd!
Ouch! That really hurt!
* * * LOW HITPOINT WARNING * * *
The gnoll hits you with a +0 spear of freezing.
You die...

#..... #.g.# #.#
#.########.#
#........#รท#
########.#.##
#)g..# #.g..#
###@...####
########>........#
#......<)...(....#
#.######.........#
####...#### ......
...### #.## .#


You could see 2 gnolls.

Vanquished Creatures
  2 gnolls (D:2)
  3 dart slugs (D:1)
  6 bats
  2 giant cockroaches (D:1)
  2 goblins (D:1)
  3 hobgoblins
  4 jackals (D:1)
  4 kobolds (D:1)
  2 ball pythons (D:1)
  4 rats (D:1)
32 creatures vanquished.

Notes
Turn   | Place    | Note
-------+----------+-------------------------------------------
     0 | D:1      | ReteAZ the Merfolk Ice Elementalist began the quest for the
                  | Orb.
     0 | D:1      | Reached XP level 1. HP: 13/13 MP: 3/3
   341 | D:1      | Reached XP level 2. HP: 19/19 MP: 3/5
   506 | D:1      | Reached skill level 5 in Ice Magic
   567 | D:1      | Reached XP level 3. HP: 23/24 MP: 6/6
  1218 | D:2      | Reached XP level 4. HP: 18/30 MP: 0/8
  1343 | D:2      | HP: 1/30 [gnoll/+0 halberd (16)]
  1343 | D:2      | Slain by a gnoll

Levels and vault maps discovered:
D:1:      minmay_arrival_nine_rooms, layout_basic, serial_bayou_pond_d
D:2:      layout_loops_ring, lemuel_coloured_pillars_altar, bloody_trog,
          first_ration, minmay_pentomino_s2, uniq_jessica

Skill      XL: |  1  2 |
---------------+-------+-----
Dodging        | 3 |  3.0
Ice Magic      | 5 |  5.5
Stealth        | |  2.1
Spellcasting   | |  2.6

Action                   |  1- 3 |  4- 6 || total
-------------------------+-------+-------++-------
Melee: Dagger            |    77 |       ||    77
 Cast: Freeze            |    36 |     1 ||    37
 Stab: Sleeping          |     2 |       ||     2
  Eat: Chunk             |     1 |     1 ||     2
Armor: Robe              |    21 |     1 ||    22
Dodge: Dodged            |    79 |       ||    79

Table legend:
 A = Non-vault XP
 B = Vault XP
 C = Vault XP percentage of total XP
 D = Non-vault monster count
 E = Vault monster count
 F = Vault count percentage of total count
                 A         B        C        D         E       F
            +---------+---------+-------+---------+---------+-------
      Total |      88 |       0 |   0.0 |      32 |       0 |   0.0
            +---------+---------+-------+---------+---------+-------
        D:1 |      55 |       0 |   0.0 |      28 |       0 |   0.0
        D:2 |      33 |       0 |   0.0 |       4 |       0 |   0.0
            +---------+---------+-------+---------+---------+-------
